 Dungeon Crawl Stone Soup version 0.18.1-5-g4a78601 (webtiles) character file.

107 deorigin the Twirler (level 4, 0/33 HPs)
             Began as a Demonspawn Gladiator on May 10, 2016.
             Killed by divine providence
             ... invoked by an orc priest
              (14 damage)
             ... on level 3 of the Dungeon.
             The game lasted 00:06:51 (2563 turns).

deorigin the Twirler (Demonspawn Gladiator)         Turns: 2563, Time: 00:06:51

Health: 0/33       AC: 11    Str: 15    XL:     4   Next: 57%
Magic:  4/4        EV: 11    Int:  9    God:
Gold:   103        SH:  0    Dex: 15    Spells: 0 memorised, 3 levels left

rFire  . . .     SeeInvis .     a - +0 quarterstaff
rCold  . . .     Gourm    .     e - +0 ring mail (curse)
rNeg   . . .     Faith    .     (shield currently unavailable)
rPois  .         Spirit   .     (helmet restricted)
rElec  .         Dismiss  .     (no cloak)
rCorr  .         Reflect  .     (no gloves)
SustAt +         Harm     .     (no boots)
MR     .....                    (no amulet)
Stlth  +.........               v - ring of sustain attributes
                                y - +5 ring of protection

@: not resistant to hostile enchantments, very unstealthy
A: antennae 1, molten scales 1
a: no special abilities


You were on level 3 of the Dungeon.
You were not hungry.

You visited 1 branch of the dungeon, and saw 3 of its levels.

You collected 103 gold pieces.

Inventory:

Hand Weapons
 a - a +0 quarterstaff (weapon)
Missiles
 d - 3 throwing nets (quivered)
 x - 8 javelins of returning
Armour
 b - a +0 leather armour
 c - a +0 helmet
 e - a cursed +0 ring mail (worn)
 h - a +0 ring mail
 r - a cursed +0 plate armour
Jewellery
 v - a ring of sustain attributes (right hand)
 y - a +5 ring of protection (left hand)
Scrolls
 i - 5 scrolls of remove curse {unknown}
 k - a scroll of noise {unknown}
 l - 2 scrolls of identify {unknown}
 m - 2 scrolls of fear {unknown}
 n - 4 scrolls of enchant weapon {unknown}
 t - a scroll of immolation {unknown}
 u - a scroll of amnesia {unknown}
 C - a scroll of blinking {unknown}
Potions
 g - a potion of agility {unknown}
 j - a potion of magic {unknown}
 o - 2 potions of berserk rage {unknown}
 p - a potion of haste {unknown}
 q - a potion of curing {unknown}
 s - a potion of invisibility {unknown}
 w - a potion of brilliance {unknown}
 A - a potion of ambrosia {unknown}
 D - a potion of degeneration {unknown}
Comestibles
 f - 3 bread rations
 z - 5 fruits
 B - 2 chunks of flesh


   Skills:
 - Level 2.0 Fighting
 + Level 4.9 Staves
 - Level 1.7 Throwing
 - Level 2.6 Dodging


You had 3 spell levels left.
You didn't know any spells.

Dungeon Overview and Level Annotations

Branches:
Dungeon (3/15)

Altars:
Ashenzari
Cheibriados
Pakellas
Ru

Annotations:
D:3 Chiseanne's ghost, amateur FoMo


Innate Abilities, Weirdness & Mutations

You have a pair of small antennae on your head.
You are partially covered in molten scales (AC +1).


Message History

The orc wizard casts a spell at you. The magic dart hits you!
An orc comes into view. It is wielding a hand axe.
You closely miss the orc wizard.
The orc shouts!
The orc wizard hits you but does no damage.
An orc comes into view. It is wielding a flail.
You closely miss the orc wizard.
The orc shouts!
The hobgoblin hits you with a club. The orc wizard closely misses you.
The orc moves out of view.
Drink which item? (? for menu, Esc to quit)
Okay, then.
The hobgoblin hits you with a club.
Some of the chunks of flesh in your inventory have rotted away.
The orc wizard mumbles some strange words.
The orc wizard blinks!
The orc priest mumbles some strange prayers to Beogh against you.
Beogh smites you!
You die...

#..# ... #..#
##... #..# #(...
##).##### #...
#.......# #.#
#...###.# .#
########.<.# #
...........#.# ..
######..@....# ..#
#...###o###...#
#..g# #.oo..
####...####o%#..#
#......oo§.......#
'.###.........##.#
#..######## .....#
###.##


You could see an orc priest, 2 orcs and a hobgoblin.

Vanquished Creatures
  4 adders
  2 worms (D:3)
  5 dart slugs
  A giant gecko (D:2)
  2 ball pythons
  6 bats
  4 giant cockroaches
  7 goblins
  5 hobgoblins
  6 giant newts (D:1)
  4 kobolds
  11 rats
57 creatures vanquished.

Notes
Turn   | Place    | Note
--------------------------------------------------------------
     0 | D:1      | deorigin the Demonspawn Gladiator began the quest for the Orb.
     0 | D:1      | Reached XP level 1. HP: 16/16 MP: 1/1
    74 | D:1      | Reached skill level 3 in Staves
   232 | D:1      | Gained mutation: You are partially covered in molten scales (AC +1). [demonic ancestry]
   232 | D:1      | Reached XP level 2. HP: 3/22 MP: 2/2
   702 | D:1      | Found a snail-covered altar of Cheibriados.
   797 | D:1      | Gained mutation: You have a pair of small antennae on your head. [demonic ancestry]
   797 | D:1      | Reached XP level 3. HP: 25/27 MP: 3/3
   824 | D:1      | Reached skill level 4 in Staves
  1308 | D:2      | Found an oddly glowing altar of Pakellas.
  1423 | D:2      | Found a shattered altar of Ashenzari.
  1423 | D:2      | Found a sacrificial altar of Ru.
  1771 | D:2      | Reached XP level 4. HP: 33/33 MP: 4/4
  2342 | D:3      | Noticed Chiseanne's ghost (amateur FoMo)
  2563 | D:3      | Killed from afar by an orc priest

Skill      XL: |  1  2  3 |
---------------+----------+-----
Staves         | 3 4 |  4.9
Fighting       | |  2.0
Throwing       | |  1.7
Dodging        | |  2.6

Action                   |  1- 3 |  4- 6 || total
-------------------------+-------+-------++-------
Melee: Quarterstaff      |   117 |    47 ||   164
  Eat: Chunk             |     3 |     2 ||     5
Armor: Leather armour    |    35 |       ||    35
       Ring mail         |    27 |    19 ||    46
Dodge: Dodged            |    88 |    23 ||   111
